 Dungeon Crawl Stone Soup version 0.22-a0-322-g60b3cfd (webtiles) character file.

23 Kairos the Shield-Bearer (level 3, 29/29 HPs)
             Began as a Formicid Fighter on Apr 5, 2018.
             Got out of the dungeon alive.
             The game lasted 00:01:14 (792 turns).

Kairos the Shield-Bearer (Formicid Fighter)          Turns: 792, Time: 00:01:15

Health: 29/29      AC:  6    Str: 20    XL:     3   Next: 10%
Magic:  3/3        EV:  8    Int:  7    God:
Gold:   79         SH:  9    Dex: 11    Spells: 2/2 levels left

rFire    . . .     SeeInvis +   a - +0 quarterstaff
rCold    . . .     Gourm    .   c - +0 shield
rNeg     . . .     Faith    .   b - +0 scale mail
rPois    .         Spirit   .   (helmet unavailable)
rElec    .         Reflect  .   (no cloak)
rCorr    .         Harm     .   (no gloves)
MR       .....                  (no boots)
Stlth    ..........             (no amulet)
HPRegen  0.09/turn              (no ring)
MPRegen  0.08/turn              (no ring)

@: no status effects
A: permanent stasis, dig shafts and tunnels, four strong arms, antennae 3
a: Dig, Shaft Self


You escaped.
You were not hungry.

You visited 1 branch of the dungeon, and saw 1 of its levels.

You collected 79 gold pieces.

Inventory:

Hand Weapons
 a - a +0 quarterstaff (weapon)
Armour
 b - a +0 scale mail (worn)
 c - a +0 shield (worn)
Scrolls
 e - 2 scrolls of enchant armour {unknown}
 h - 2 scrolls of remove curse {unknown}
 k - a scroll of noise {unknown}
 n - a scroll of teleportation {unknown}
Potions
 d - 2 potions of might
 g - 2 potions of haste {unknown}
 i - a potion of mutation {unknown}
 j - 2 potions of brilliance {unknown}
 l - a potion of flight {unknown}
 m - a potion of heal wounds {unknown}
 o - a potion of curing {unknown}
Comestibles
 f - 2 rations


   Skills:
 + Level 3.4 Fighting
 + Level 2.5 Staves
 + Level 3.6 Armour
 + Level 4.0 Shields


You had 2 spell levels left.
You didn't know any spells.

Dungeon Overview and Level Annotations

Branches:
Dungeon (1/15)

Altars:


Innate Abilities, Weirdness & Mutations

You cannot be hasted, slowed, berserked, paralysed or teleported.
You can dig through walls and to a lower floor.
Your four strong arms can wield two-handed weapons with a shield.
You have a pair of large antennae on your head. (SInv)


Message History

The kobold hits you but does no damage. You block the kobold's attack.
You sock the kobold!
You kill the kobold!
No target in view!
No target in view!
No target in view!
n - a scroll labeled ROEJEHU ZO BUE You see here a stone.
You see here a stone.
You see here a stone.
You now have 79 gold pieces (gained 18).
You see here a stone.
o - a smoky sapphire potion Done exploring.
Done exploring.
You see here a club.
There is a stone staircase leading down here.
There is a staircase leading out of the dungeon here.
Are you sure you want to leave the Dungeon?
This will make you lose the game!
You have escaped!

........รท..........###### #.#
#.. .##.######)###.....######
#.# #..
..>......#...#.....#...## #.#
#.. ###.####.#.8.#.....#.8.##
#.# ### #.# #.#...#.....#...##
#.# #.# #.#####.....###### #.#
###.## #................# #.#
.....# #................# #.#
.....# #........@.......# #.#
.....# #................###.#
###.## #.................##.#
#.# #.#####.....#####.##.###
#.# #.#...#.....#...#......#
#.# #.#.8.#.....#.8.##.....#
#.####.#...#.....#...##.....#
###.#....#####.....######.....#
....#.###################.....#


There were no monsters in sight!

Vanquished Creatures
  5 bats (D:1)
  4 goblins (D:1)
  6 hobgoblins (D:1)
  3 frilled lizards (D:1)
  2 kobolds (D:1)
  A rat (D:1)
21 creatures vanquished.

Notes
Turn   | Place    | Note
-------+----------+-------------------------------------------
     0 | D:1      | Kairos the Formicid Fighter began the quest for the Orb.
     0 | D:1      | Reached XP level 1. HP: 18/18 MP: 1/1
   117 | D:1      | Reached XP level 2. HP: 24/24 MP: 2/2
   424 | D:1      | Reached XP level 3. HP: 28/29 MP: 3/3
   427 | D:1      | Reached skill level 4 in Shields
   792 | D:$      | Got out of the dungeon alive.

Vault maps used:
D:1:      minmay_arrival_glassed_features

Skill      XL: |  1  2  3 |
---------------+----------+-----
Shields        | 4 |  4.0
Fighting       | |  3.4
Staves         | |  2.5
Armour         | |  3.6

Action                   || total
-------------------------++-------
Melee: Quarterstaff      ||    62
 Abil: Dig               ||     1
Armor: Scale mail        ||    19
Dodge: Dodged            ||    20
Block: Shield            ||    30

Table legend:
 A = Spawn XP
 B = Non-spawn XP
 C = Spawn XP percentage of total XP
 D = Spawn monster count
 E = Non-spawn monster count
 F = Spawn count percentage of total count
 G = Total turns spent on level
                    A         B        C        D         E        F      G
               +---------+---------+-------+---------+---------+-------+---------
         Total |       0 |      33 |   0.0 |       0 |      21 |   0.0 |   792
               +---------+---------+-------+---------+---------+-------+---------
           D:1 |       0 |      33 |   0.0 |       0 |      21 |   0.0 |   792
               +---------+---------+-------+---------+---------+-------+---------
